 Dungeon Crawl Stone Soup version 0.30-a0-341-g682706514a (webtiles) character file.

Game seed: 8916432428057377810

95 zishaf the Conjurer (level 4, 0/42 HPs)
             Began as a Troll Conjurer on Nov 2, 2022.
             Slain by an orc
             ... wielding a +0 hand axe
              (7 damage)
             ... on level 3 of the Dungeon.
             The game lasted 00:02:01 (1962 turns).

zishaf the Conjurer (Troll Conjurer)                Turns: 1962, Time: 00:02:02

Health: 0/42       AC:  4    Str: 17    XL:     4   Next: 39%
Magic:  4/4        EV:  9    Int: 14    God:
Gold:   133        SH:  0    Dex:  8    Spells: 4/5 levels left

rFire   . . .      SeeInvis .      - Unarmed
rCold   . . .      Faith    .    (no shield)
rNeg    . . .      Spirit   .    a - +0 robe
rPois   .          Reflect  .    (helmet restricted)
rElec   .          Harm     .    (no cloak)
rCorr   .          Rampage  .    (gloves unavailable)
Will    .....                    (boots unavailable)
Stlth   +.........               (no amulet)
HPRegen 1.07/turn                (no ring)
MPRegen 0.09/turn                (no ring)

@: no status effects
A: large, unfitting armour, claws 3, regeneration 1, shaggy fur 1, tough skin 1
a: no special abilities


You were on level 3 of the Dungeon.
You visited 1 branch of the dungeon, and saw 3 of its levels.

You collected 133 gold pieces.

Inventory:

Armour
 a - a +0 robe (worn)
Scrolls
 c - a scroll of immolation {unknown}
 e - a scroll of fear {unknown}
 f - a scroll of enchant armour {unknown}
 g - 3 scrolls of identify {unknown}
 j - a scroll of teleportation {unknown}
Potions
 b - a potion of magic
 d - a potion of curing {unknown}
 h - a potion of haste {unknown}
 i - a potion of cancellation {unknown}


   Skills:
 + Level 2.2 Fighting
 - Level 1.5 Dodging
 - Level 1.0 Stealth
 + Level 2.7 Unarmed Combat
 - Level 1.2 Spellcasting
 - Level 2.9 Conjurations


You had 4 spell levels left.
You knew the following spells:

 Your Spells              Type           Power      Damage    Failure   Level
a - Magic Dart            Conj           36%        1d4       8%          1

Your spell library contained the following spells:

 Spells                   Type           Power      Damage    Failure   Level
 Searing Ray              Conj           18%        2d5       12%         2
 Dazzling Flash           Conj/Hex       10%        N/A       38%         3
 Ignite Poison            Fire/Tmut/Pois 0%         N/A       61%         3
 Fulminant Prism          Conj/Hex       2%         3d5       80%         4
 Iskenderun's Mystic Bla  Conj/Tloc      5%         2d3       80%         4
 Sticky Flame             Conj/Fire      5%         2d3       80%         4
 Ignition                 Fire           0%         3d3       100%        8


Dungeon Overview and Level Annotations

Branches:
Dungeon (3/15)

Altars:

Annotations:
D:2 exclusion: upstairs


Innate Abilities, Weirdness & Mutations

You are too large for most types of armour.
You have claws for hands.
Your natural rate of healing is unusually fast.
You are covered in fur. (AC +1)
You have tough skin. (AC +1)


Message History

You kill the orc wizard!
The orc hits you with a +0 hand axe.
* * * LOW HITPOINT WARNING * * *
The orc closely misses you.
Unknown command.
You barely miss the jackal. The jackal barely misses you.
The orc barely misses you. The orc closely misses you.
You scratch the jackal.
The jackal is severely wounded.
The jackal barely misses you. The orc closely misses you.
The orc hits you with a +0 hand axe. The jackal closely misses you.
You claw the jackal!
You kill the jackal!
The orc hits you but does no damage. The orc closely misses you.
You closely miss the jackal.
The jackal bites you but does no damage.
The orc hits you with a +0 hand axe. x2
You barely miss the jackal.
The jackal bites you but does no damage.
The orc hits you with a +0 hand axe.
* * * LOW HITPOINT WARNING * * *
The orc hits you with a +0 hand axe.
* * * LOW HITPOINT WARNING * * *
The jackal bites you but does no damage.
You claw the jackal!
You kill the jackal!
A jackal comes into view.
The orc hits you with a +0 hand axe.
* * * LOW HITPOINT WARNING * * *
The orc barely misses you.
Unknown command.
You barely miss the orc. The orc hits you with a +0 club.
* * * LOW HITPOINT WARNING * * *
Unknown command.
You scratch the orc but do no damage.
The orc wizard casts a spell.
The orc wizard flickers and vanishes!
Deactivating autopickup; reactivate with Ctrl-A.
The orc hits you but does no damage. The orc hits you with a +0 hand axe!
You die...

######.†.....#
.......<.....#
######..)..###
#.....# #...#.###
####.......# #
###..........#
#.###.##....######..#
#...h{o@...## ..#
......oo..## ##
#####..../# ###...#
...#.# ##.#.# ##..#
#..


You could see 3 orcs and a jackal.

Vanquished Creatures
  An orc wizard (D:3)
  3 adders (D:2)
  A worm (D:3)
  A dart slug (D:2)
  An orc (D:3)
  4 endoplasms
  A giant cockroach (D:1)
  3 goblins (D:1)
  A hobgoblin (D:1)
  2 jackals (D:3)
  A quokka (D:1)
  3 ball pythons
  5 bats
  4 frilled lizards
  6 kobolds
  4 rats (D:1)
41 creatures vanquished.

Vanquished Creatures (others)
  A fungus (D:2)
1 creature vanquished.

Grand Total: 42 creatures vanquished

Notes
Turn   | Place    | Note
-------+----------+-------------------------------------------
     0 | D:1      | zishaf the Troll Conjurer began the quest for the Orb.
     0 | D:1      | Reached XP level 1. HP: 16/16 MP: 1/1
    61 | D:1      | Reached skill level 1 in Unarmed Combat
    65 | D:1      | Reached XP level 2. HP: 26/26 MP: 2/2
   256 | D:1      | Reached skill level 1 in Fighting
   693 | D:2      | Reached XP level 3. HP: 31/33 MP: 3/3
   989 | D:2      | Found a faded altar of an unknown god.
  1953 | D:3      | Reached XP level 4. HP: 15/42 MP: 4/4
  1962 | D:3      | Slain by an orc

Illustrated notes

Levels and vault maps discovered:
D:1:      dpeg_arrival_connections, layout_loops_cross
D:2:      layout_basic, shapermc_ecumenical_altar_petra
D:3:      layout_loops_ring, nicolae_gozag_seed_capital, general_overflow_altar,
          nicolae_qazlal_style_of_elements, serial_bayou_ford_a, minmay_cupped

Skill      XL: |  1  2  3 |
---------------+----------+-----
Unarmed Combat | 1 2 |  2.7
Fighting       | 1 2 |  2.2
Dodging        | |  1.5
Stealth        | |  1.0
Spellcasting   | |  1.2
Conjurations   | |  2.9

Action                   |  1- 3 |  4- 6 || total
-------------------------+-------+-------++-------
Melee: Unarmed           |   107 |    10 ||   117
 Cast: Magic Dart        |     6 |       ||     6
 Stab: Sleeping          |     2 |       ||     2
Armor: Robe              |    43 |     5 ||    48
Dodge: Dodged            |    47 |     9 ||    56

Table legend: (Time is in decaauts)
 A = Elapsed time spent in this place.
 B = Non-inter-level travel time spent in this place.
 C = Inter-level travel time spent in this place.
 D = Time resting spent in this place.
 E = Time spent auto-exploring this place.
 F = Levels seen in this place.
 G = Mean time per level.
                   A        B        C        D        E       F      G
               +--------+--------+--------+--------+--------+-----+--------+
         Total |   1957 |   1763 |    194 |      0 |   1507 |   3 |  652.3 |
       Dungeon |   1957 |   1763 |    194 |      0 |   1507 |   3 |  652.3 |
               +--------+--------+--------+--------+--------+-----+--------+

Top non-repeatable levels by time:
     D:2: 1190 daAuts
     D:1: 721 daAuts
     D:3: 44 daAuts
